 Dungeon Crawl Stone Soup version 0.28.0 (webtiles) character file.

Game seed: 16484170347783574313

126 Host24 the Bolt Thrower (level 5, -3/32 HPs)
             Began as a Kobold Hunter on Feb 5, 2022.
             Was an Initiate of Okawaru.
             Blown up by Ijyb (16 damage)
             ... with a mindburst bolt
             ... on level 3 of the Dungeon.
             The game lasted 00:06:20 (2782 turns).

Host24 the Bolt Thrower (Kobold Hunter)             Turns: 2782, Time: 00:06:20

Health: -3/32      AC:  4    Str: 11    XL:     5   Next: 31%
Magic:  5/5        EV: 15    Int: 13    God:    Okawaru [......]
Gold:   166        SH:  0    Dex: 15    Spells: 4/4 levels left

rFire   . . .      SeeInvis .   a - +1 hand crossbow
rCold   + . .      Faith    .   (no shield)
rNeg    + . .      Spirit   .   c - +0 leather armour
rPois   .          Reflect  .   k - +0 helmet
rElec   .          Harm     .   (no cloak)
rCorr   .          Rampage  .   (no gloves)
Will    .....                   (no boots)
Stlth   +++.......              n - amulet of regeneration
HPRegen 0.90/turn               m - ring of protection from cold
MPRegen 0.09/turn               r - ring of positive energy

@: no status effects
A: small, no large weapons, nightstalker 3
a: Renounce Religion


You were on level 3 of the Dungeon.
You worshipped Okawaru.
Okawaru was noncommittal.
You visited 1 branch of the dungeon, and saw 3 of its levels.

You collected 166 gold pieces.

Inventory:

Hand Weapons
 a - a +1 hand crossbow (weapon)
 b - a +0 short sword
Missiles
 d - 32 bolts (quivered ammo)
 f - 71 stones
 h - 12 sling bullets
 o - 56 arrows
Armour
 c - a +0 leather armour (worn)
 k - a +0 helmet (worn)
Jewellery
 m - a ring of protection from cold (left hand)
 n - an amulet of regeneration (around neck)
 r - a ring of positive energy (right hand)
Scrolls
 i - 2 scrolls of blinking {unknown}
 j - a scroll of noise {unknown}
 l - 2 scrolls of teleportation {unknown}
 p - 2 scrolls of identify {unknown}
 s - a scroll of enchant armour {unknown}
 t - a scroll of amnesia {unknown}
 u - a scroll of holy word {unknown}
Potions
 e - a potion of degeneration {unknown}
 g - a potion of brilliance {unknown}
 q - a potion of curing {unknown}
 v - a potion of heal wounds {unknown}


   Skills:
 - Level 3.2 Fighting
 - Level 6.0 Crossbows
 - Level 4.0 Dodging
 - Level 1.3 Stealth
 + Level 0.7 Invocations


You had 4 spell levels left.
You didn't know any spells.
Your spell library was empty.

Dungeon Overview and Level Annotations

Branches:
Dungeon (3/15)

Altars:
Okawaru

Shops:
D:3 *

Annotations:
D:3 Ijyb


Innate Abilities, Weirdness & Mutations

You are small and have problems with some larger weapons.
You are completely attuned to the shadows.


Message History

Fire: 39 bolts
Press: ? - help, Q - select action, (/) - cycle Shift-Dir - straight line, f/p - Ijyb
Aim: Ijyb, wielding a +0 club, wearing a +0 chain mail and carrying a wand of mindburst (15) (severely wounded, 67% to hit)
You shoot a bolt. The bolt hits Ijyb but does no damage.
Ijyb is severely wounded.
Fire: 38 bolts
Press: ? - help, Q - select action, (/) - cycle Shift-Dir - straight line, f/p - Ijyb
Aim: Ijyb, wielding a +0 club, wearing a +0 chain mail and carrying a wand of mindburst (15) (severely wounded, 67% to hit)
You shoot a bolt. The bolt barely misses Ijyb.
Ijyb misses you. Ijyb hits you with a +0 club.
Fire: 37 bolts
Press: ? - help, Q - select action, (/) - cycle Shift-Dir - straight line, f/p - Ijyb
Aim: Ijyb, wielding a +0 club, wearing a +0 chain mail and carrying a wand of mindburst (15) (severely wounded, 67% to hit)
You shoot a bolt. The bolt closely misses Ijyb.
Ijyb hits you with a +0 club.
Fire: 36 bolts
Press: ? - help, Q - select action, (/) - cycle Shift-Dir - straight line, f/p - Ijyb
Aim: Ijyb, wielding a +0 club, wearing a +0 chain mail and carrying a wand of mindburst (15) (severely wounded, 67% to hit)
You shoot a bolt. The bolt hits Ijyb.
Ijyb is severely wounded.
Ijyb closely misses you.
Fire: 35 bolts
Press: ? - help, Q - select action, (/) - cycle Shift-Dir - straight line, f/p - Ijyb
Aim: Ijyb, wielding a +0 club, wearing a +0 chain mail and carrying a wand of mindburst (15) (severely wounded, 67% to hit)
You shoot a bolt. The bolt closely misses Ijyb.
Ijyb hits you with a +0 club.
Fire: 34 bolts
Press: ? - help, Q - select action, (/) - cycle Shift-Dir - straight line, f/p - Ijyb
Aim: Ijyb, wielding a +0 club, wearing a +0 chain mail and carrying a wand of mindburst (15) (severely wounded, 67% to hit)
You shoot a bolt. The bolt hits Ijyb but does no damage.
Ijyb is severely wounded.
Ijyb barely misses you.
Fire: 33 bolts
Press: ? - help, Q - select action, (/) - cycle Shift-Dir - straight line, f/p - Ijyb
Aim: Ijyb, wielding a +0 club, wearing a +0 chain mail and carrying a wand of mindburst (15) (severely wounded, 67% to hit)
You shoot a bolt. The bolt hits Ijyb.
Ijyb is almost dead.
Ijyb hits you with a +0 club.
Ijyb zaps a wand.
Your mind is blasted!
Ouch! That really hurt!
You die...

#.# #.# #.# #.#
#.# #(..#.#
#(..#.# #...#.#
#...#@# #...#g#
#...#(# #...#.#
#g..#(# ######
#...#.#
#....######...#.#
#.##..g.......#.#
#.#############.#


You could see Ijyb.

Vanquished Creatures
  Jessica (D:2)
  2 adders
  3 worms (D:2)
  5 dart slugs
  2 orcs (D:3)
  3 ball pythons (D:1)
  2 bats
  4 endoplasms
  4 giant cockroaches
  5 goblins
  2 hobgoblins
  10 jackals
  6 kobolds
  A quokka (D:2)
  3 frilled lizards
  5 rats
58 creatures vanquished.

Notes
Turn   | Place    | Note
-------+----------+-------------------------------------------
     0 | D:1      | Host24 the Kobold Hunter began the quest for the Orb.
     0 | D:1      | Reached XP level 1. HP: 12/12 MP: 1/1
    39 | D:1      | Reached skill level 5 in Crossbows
   139 | D:1      | Reached XP level 2. HP: 17/18 MP: 2/2
   315 | D:1      | Found a faded altar of an unknown god.
   534 | D:1      | You fall into a shaft and drop 1 floor!
   597 | D:2      | Noticed Jessica
   990 | D:1      | Reached XP level 3. HP: 7/23 MP: 3/3
  1462 | D:2      | Killed Jessica
  1463 | D:2      | Reached XP level 4. HP: 28/28 MP: 4/4
  2274 | D:3      | Found an iron altar of Okawaru.
  2276 | D:3      | Reached XP level 5. HP: 32/32 MP: 5/5
  2280 | D:3      | Became a worshipper of Warmaster Okawaru
  2377 | D:3      | Found Pimeimm's General Store.
  2551 | D:3      | Reached skill level 6 in Crossbows
  2731 | D:3      | Noticed Ijyb
  2782 | D:3      | Blown up by Ijyb

Illustrated notes

Levels and vault maps discovered:
D:1:      eino_arrival_water_cross, layout_loops_ring, basic_ecumenical_altar,
          minivault_5, minmay_pentomino_w2
D:2:      layout_loops_cross, serial_aquarium, aquarium_bridge_square
          [aquarium_subvault_bridge, aquarium_subvault_bridge,
          aquarium_subvault_wall, aquarium_subvault_bridge],
          aquarium_window_fake, aquarium_window_2, aquarium_window_1,
          aquarium_view_2a, aquarium_view_2b, aquarium_balcony_1b, uniq_jessica
D:3:      layout_basic, okawaru_ov_weapons_minmay, serial_shops,
          nicolae_shop_waterfront, chequers_serial_rivers_micro_e,
          minmay_ruptured, uniq_ijyb

Skill      XL: |  1  2  3  4  5 |
---------------+----------------+-----
Crossbows      | 5 6 |  6.0
Fighting       | 3 |  3.2
Dodging        | 3 4 |  4.0
Stealth        | |  1.3
Invocations    | |  0.7

Action                   |  1- 3 |  4- 6 || total
-------------------------+-------+-------++-------
Melee: Short sword       |    75 |   173 ||   248
       Punch             |       |     2 ||     2
 Fire: Hand crossbow     |     3 |    23 ||    26
 Stab: Sleeping          |     9 |     5 ||    14
Armor: Leather armour    |    27 |    47 ||    74
Dodge: Dodged            |    49 |   129 ||   178
